Map: Dusk Towers

Players

WUTHAMMER

  • Race: Terran Terran
  • League: Silver

capac - Winner!

  • Race: Terran Terran
  • League: Gold

VOD

Have the link to the VOD?

Description

Time

  • Played on: April 25, 2016, 9:48 p.m.
  • Length: 7:36
Show
View Real Time Build Order
Export as new Build Order

WUTHAMMER Terran 

Build Orders: 1/1/1, Liberator Opening 

Get SALT Encoding   

  12  0:01  SCV  
  13  0:15  Supply Depot  
  13  0:25  Refinery, SCV  
  14  0:40  Barracks  
  14  0:48  Refinery  
  14  0:51  SCV  
  15  1:03  SCV  
  16  1:15  SCV  
  17  1:40  Factory  
  17  1:45  Barracks Tech Lab  
  17  1:54  Supply Depot  
  17  2:12  Orbital Command  
  17  2:26  Starport, Factory Reactor  
  17  2:29  Marine  
  18  2:39  Supply Depot  
  18  2:44  SCV  
  19  2:46  Marine  
  20  2:56  SCV  
  21  3:03  Liberator  
  21  3:04  Marine  
  22  3:08  Engineering Bay  
  22  3:09  Liberator  
  22  3:22  Marine  
  29  3:28  SCV  
  29  3:33  Factory Tech Lab  
  30  3:40  Marine  
  31  3:47  Missile Turret  
  31  3:58  Marine  
  32  4:04  Siege Tank  
  32  4:09  Supply Depot  
  35  4:15  Marine  
  36  4:18  Medivac  
  38  4:31  Medivac  
  40  4:32  Supply Depot  
  40  4:33  Marine  
  40  4:36  SCV  
  39  5:16  Liberator  
  39  5:28  Marine  
  39  5:32  Siege Tank  
  46  5:36  Medivac  
  48  5:46  Marine  
  49  6:04  Marine, Siege Tank  
  52  6:21  Marine  
  44  6:39  Marine  
Show
View Real Time Build Order
Export as new Build Order

capac Terran - Winner!

Build Orders:  

Get SALT Encoding   

  12  0:01  SCV  
  13  0:13  SCV  
  14  0:18  Supply Depot  
  14  0:25  SCV  
  15  0:40  SCV  
  15  0:42  Barracks  
  16  0:52  SCV  
  17  0:57  Refinery  
  17  1:07  SCV  
  18  1:18  Barracks  
  18  1:19  SCV  
  19  1:29  Supply Depot  
  19  1:32  Orbital Command  
  19  1:41  Marine  
  20  2:11  Factory  
  20  2:20  Command Center  
  20  2:24  SCV  
  21  2:30  Refinery  
  21  2:38  Barracks Tech Lab, Marine  
  22  2:51  SCV  
  22  2:56  Marine  
  24  3:01  Starport, Factory Tech Lab  
  24  3:03  Marine  
  25  3:11  SCV  
  26  3:24  Siege Tank  
  26  3:25  Marine  
  30  3:28  Marine  
  31  3:40  Engineering Bay  
  31  3:41  Orbital Command  
  31  3:43  Marine  
  31  3:46  Marine  
  33  3:53  Viking  
  35  3:57  SCV  
  35  4:00  Marine  
  37  4:09  Marine  
  39  4:10  SCV  
  39  4:11  SCV  
  39  4:16  Missile Turret  
  40  4:23  Missile Turret  
  40  4:31  Widow Mine  
  40  4:33  Marine  
  40  4:34  Marine  
  40  4:37  Medivac  
  46  4:39  Supply Depot  
  46  4:48  Supply Depot  
  46  5:01  Marine  
  46  5:02  Supply Depot  
  46  5:05  Stimpack  
  47  5:18  SCV x2  
  49  5:30  SCV x2  
  49  5:34  Missile Turret, Medivac  
  53  5:41  Starport  
  53  5:42  SCV x2  
  55  5:44  Refinery  
  55  5:45  Refinery, Marine  
  55  5:46  Marine  
  57  5:55  SCV  
  58  5:58  Siege Tank  
  54  6:12  SCV x2  
  50  6:40  Viking x2  
  50  6:41  Marine x2  
  56  6:59  Marine  
  59  7:18  Refinery  
Tags
 
Add a new tag
Caveats
  • Supply blocks, unpowered buildings, or Contaminate may cause inaccurate times.
  • Supply counts are checked every 10 seconds.